Workbook

Sheet Calculator
A1: Pag-IBIG Housing Loan Calculator (Excel)
A2: Free template from myhousingloancal.ph. Estimates only; Pag-IBIG computes your official amortization.
A4: Loan amount (PHP) | B4: 1500000 | C4: Pag-IBIG maximum: PHP 10,000,000
A5: Interest rate per year | B5: 0.045 | C5: Promo until 31 Dec 2026: 4.5% (up to PHP 4.9M) or 5.75% (over PHP 4.9M to PHP 10M), fixed for the first 3 years
A6: Loan term (years) | B6: 30 | C6: Up to 30 years
A8: Monthly amortization (principal + interest) | B8: =PMT(B5/12,B6*12,-B4)
A9: Total paid if the rate never changes | B9: =B8*B6*12
A10: Total interest if the rate never changes | B10: =B9-B4
A11: Not included: fire insurance, MRI insurance and other fees. After a fixed-rate period ends, the rate changes to the rate for the repricing period you choose.
A13: Standard Pag-IBIG rates by repricing period (pagibigfund.gov.ph, until 31 Dec 2026)
A14: 5 years | B14: 0.065
A15: 10 years | B15: 0.07125
A16: 15 years | B16: 0.0775
A17: 20 years | B17: 0.085
A18: 25 years | B18: 0.09125
A19: 30 years | B19: 0.0975

Sheet Amortization schedule
A1: Month | B1: Payment | C1: Interest | D1: Principal | E1: Balance
A2: 1 | B2: =IF(A2>Calculator!$B$6*12,"",Calculator!$B$8) | C2: =IF(B2="","",Calculator!$B$4*Calculator!$B$5/12) | D2: =IF(B2="","",B2-C2) | E2: =IF(B2="","",Calculator!$B$4-D2)
A3: 2 | B3: =IF(A3>Calculator!$B$6*12,"",Calculator!$B$8) | C3: =IF(B3="","",E2*Calculator!$B$5/12) | D3: =IF(B3="","",B3-C3) | E3: =IF(B3="","",E2-D3)
A4: 3 | B4: =IF(A4>Calculator!$B$6*12,"",Calculator!$B$8) | C4: =IF(B4="","",E3*Calculator!$B$5/12) | D4: =IF(B4="","",B4-C4) | E4: =IF(B4="","",E3-D4)
A5: 4 | B5: =IF(A5>Calculator!$B$6*12,"",Calculator!$B$8) | C5: =IF(B5="","",E4*Calculator!$B$5/12) | D5: =IF(B5="","",B5-C5) | E5: =IF(B5="","",E4-D5)
A6: 5 | B6: =IF(A6>Calculator!$B$6*12,"",Calculator!$B$8) | C6: =IF(B6="","",E5*Calculator!$B$5/12) | D6: =IF(B6="","",B6-C6) | E6: =IF(B6="","",E5-D6)
A7: 6 | B7: =IF(A7>Calculator!$B$6*12,"",Calculator!$B$8) | C7: =IF(B7="","",E6*Calculator!$B$5/12) | D7: =IF(B7="","",B7-C7) | E7: =IF(B7="","",E6-D7)
A8: 7 | B8: =IF(A8>Calculator!$B$6*12,"",Calculator!$B$8) | C8: =IF(B8="","",E7*Calculator!$B$5/12) | D8: =IF(B8="","",B8-C8) | E8: =IF(B8="","",E7-D8)
A9: 8 | B9: =IF(A9>Calculator!$B$6*12,"",Calculator!$B$8) | C9: =IF(B9="","",E8*Calculator!$B$5/12) | D9: =IF(B9="","",B9-C9) | E9: =IF(B9="","",E8-D9)
A10: 9 | B10: =IF(A10>Calculator!$B$6*12,"",Calculator!$B$8) | C10: =IF(B10="","",E9*Calculator!$B$5/12) | D10: =IF(B10="","",B10-C10) | E10: =IF(B10="","",E9-D10)
A11: 10 | B11: =IF(A11>Calculator!$B$6*12,"",Calculator!$B$8) | C11: =IF(B11="","",E10*Calculator!$B$5/12) | D11: =IF(B11="","",B11-C11) | E11: =IF(B11="","",E10-D11)
A12: 11 | B12: =IF(A12>Calculator!$B$6*12,"",Calculator!$B$8) | C12: =IF(B12="","",E11*Calculator!$B$5/12) | D12: =IF(B12="","",B12-C12) | E12: =IF(B12="","",E11-D12)
A13: 12 | B13: =IF(A13>Calculator!$B$6*12,"",Calculator!$B$8) | C13: =IF(B13="","",E12*Calculator!$B$5/12) | D13: =IF(B13="","",B13-C13) | E13: =IF(B13="","",E12-D13)
A14: 13 | B14: =IF(A14>Calculator!$B$6*12,"",Calculator!$B$8) | C14: =IF(B14="","",E13*Calculator!$B$5/12) | D14: =IF(B14="","",B14-C14) | E14: =IF(B14="","",E13-D14)
... A361: 360 | B361: =IF(A361>Calculator!$B$6*12,"",Calculator!$B$8) | C361: =IF(B361="","",E360*Calculator!$B$5/12) | D361: =IF(B361="","",B361-C361) | E361: =IF(B361="","",E360-D361)
